 Dungeon Crawl Stone Soup version 0.18.1-48-g4cf74bf (webtiles) character file.

43995 tyranidshit the Necromancer (level 13, -7/121 HPs)
             Began as a Deep Dwarf Necromancer on July 9, 2016.
             Was the Champion of Makhleb.
             Mangled by Snorg (8 damage)
             ... on level 11 of the Dungeon.
             The game lasted 03:06:54 (18014 turns).

tyranidshit the Necromancer (DDNe)                 Turns: 18014, Time: 03:06:55

Health: -7/121     AC: 19    Str: 17    XL:     13   Next: 93%
Magic:  0/33       EV: 15    Int: 26    God:    Makhleb [******]
Gold:   1752       SH:  0    Dex: 15    Spells: 3 memorised, 23 levels left

rFire  . . .     SeeInvis .     x - +10 flail "Pesojur" {flame, rC++ Str+3}
rCold  + + .     Gourm    .     y - +5 ring mail of the Lizard {+Blink MR+ MP+9}
rNeg   . . .     Faith    .     (no shield)
rPois  +         Spirit   .     (no helmet)
rElec  .         Dismiss  .     t - +2 cloak
rCorr  .         Reflect  .     i - +2 pair of gloves
SustAt .         Harm     .     h - +2 pair of boots
MR     ++++.                    p - amulet of rage
Stlth  ++........               L - ring of the Mage {Wiz MR++ Int+3}
                                B - ring of the Messenger {rPois Str+2 Int+4 Stlth+}

@: non-regenerating, incredibly resistant to hostile enchantments, unstealthy
A: damage resistance, recharge devices, sense surroundings 2, slow regeneration
3
a: Device Recharging, Minor Destruction, Lesser Servant of Makhleb, Major
Destruction, Greater Servant of Makhleb, Renounce Religion, Evoke Blink, Evoke
Berserk Rage


You were on level 11 of the Dungeon.
You worshipped Makhleb.
Makhleb was exalted by your worship.
You were not hungry.

You visited 3 branches of the dungeon, and saw 22 of its levels.
You also visited: Ice Cave.

You collected 2146 gold pieces.
You spent 394 gold pieces at shops.

Inventory:

Hand Weapons
 x - the +10 flail "Pesojur" (weapon) {flame, rC++ Str+3}
   (You found it on level 7 of the Lair of Beasts)

   It has been specially enchanted to burn those struck by it, causing extra
   injury to most foes and up to half again as much damage against particularly
   susceptible opponents.
   It affects your strength (+3).
   It greatly protects you from cold.
Armour
 h - a +2 pair of boots (worn)
 i - a +2 pair of gloves (worn)
 l - a +0 pair of gloves
 t - a +2 cloak (worn)
 y - the +5 ring mail of the Lizard (worn) {+Blink MR+ MP+9}
   (You found it on level 7 of the Lair of Beasts)

   It affects your resistance to hostile enchantments.
   It affects your magic capacity (+9).
   It lets you blink.
Jewellery
 p - an amulet of rage (around neck)
 B - the ring of the Messenger (left hand) {rPois Str+2 Int+4 Stlth+}
   (You found it on level 5 of the Lair of Beasts)

   [ring of strength]

   It affects your strength (+2).
   It affects your intelligence (+4).
   It protects you from poison.
   It makes you more stealthy.
 F - a +2 ring of strength {unknown}
 L - the ring of the Mage (right hand) {Wiz MR++ Int+3}
   (You found it on level 1 of the Lair of Beasts)

   [ring of wizardry]

   It improves your spell success rate.
   It affects your intelligence (+3).
   It affects your resistance to hostile enchantments.
 W - an uncursed ring of sustain attributes
Wands
 c - a wand of heal wounds (0/9)
 d - a wand of confusion (31/48)
 n - a wand of lightning (6/15)
 w - a wand of iceblast (0/15)
 I - a wand of flame (11/48)
 P - a wand of slowing (29/48)
 Q - a wand of random effects (23/48)
 Z - a wand of polymorph (7/24)
Scrolls
 e - 3 scrolls of noise
 g - a scroll of blinking
 q - 2 scrolls of enchant armour
 v - 7 scrolls of remove curse
 C - a scroll of amnesia
 G - 5 scrolls of magic mapping
 M - 2 scrolls of teleportation
 T - a scroll of summoning
Potions
 a - a potion of cure mutation
 f - a potion of flight
 j - 4 potions of heal wounds
 k - a potion of agility
 m - a potion of degeneration
 o - 2 potions of resistance
 r - a potion of cancellation {unknown}
 z - a potion of magic
 D - a potion of ambrosia
 E - 3 potions of might
 H - 5 potions of berserk rage
 N - 3 potions of brilliance
Books
 b - a book of Necromancy

   Spells                             Type                      Level
   a - Pain                           Necromancy                   1
   b - Animate Skeleton               Necromancy                   1
   c - Vampiric Draining              Necromancy                   3
   d - Regeneration                   Charms/Necromancy            3
   e - Animate Dead                   Necromancy                   4
   f - Control Undead                 Necromancy                   4
 s - a book of the Sky

   Spells                             Type                      Level
   a - Summon Lightning Spire         Summoning/Air                4
   b - Airstrike                      Air                          4
   c - Silence                        Hexes/Air                    5
   d - Deflect Missiles               Charms/Air                   6
   e - Conjure Ball Lightning         Conjuration/Air              6
   f - Tornado                        Air                          9
 R - the Catalogue of Hurtful Envenoming
   (You acquired it on level 8 of the Lair of Beasts)

   Spells                             Type                      Level
   a - Shock                          Conjuration/Air              1
   b - Irradiate                      Conjuration/Transmutation    5
   c - Alistair's Intoxication        Transmutation/Poison         5
Comestibles
 u - a meat ration
 A - 11 fruits
 J - a royal jelly
 K - 4 bread rations
 O - 2 beef jerkies


   Skills:
 - Level 9.4 Fighting
 - Level 6.6 Maces & Flails
 - Level 8.2 Dodging
 - Level 2.4 Stealth
 + Level 9.7 Spellcasting
 * Level 16.3 Necromancy
 - Level 9.0 Evocations


You had 23 spell levels left.
You knew the following spells:

 Your Spells              Type           Power        Failure   Level  Hunger
a - Pain                  Necr           ####         0%          1    None
b - Vampiric Draining     Necr           #######...   1%          3    None
c - Animate Dead          Necr           N/A          1%          4    None


Dungeon Overview and Level Annotations

Branches:
Dungeon (12/15)            Temple (0/1) D:7            Lair (8/8) D:9
  Swamp (0/4) Lair:4        Snake (0/4) Lair:3          Orc (2/2) D:10
    Elf (0/3) Orc:2
  Slime: Lair:6-8

Altars:
Ashenzari
Cheibriados
Dithmenos
Gozag
Kikubaaqudgha
Makhleb
Nemelex Xobeh
Okawaru
Pakellas
Ru
Sif Muna
Trog
Vehumet
Xom
Yredelemnul
Zin

Shops:
D:6 *   D:10 *   Orc:2 [(*=

Annotations:
D:11 Snorg
D:12 Harold
Orc:1 ghost's ghost, journeyman MiFi


Innate Abilities, Weirdness & Mutations

You are resistant to damage.
You can recharge devices by infusing magical energy.
You passively map the area around you.
You do not regenerate naturally.


Message History

Aiming: Vampiric Draining
Press: ? - help, Shift-Dir - straight line, f/p - Snorg
Aim: Snorg (moderately wounded, berserk, fast, unusually strong) Snorg is heavily wounded.
You feel life coursing into your body.
Your yak zombie gores Snorg.
Snorg completely misses you. Snorg misses you. Snorg barely misses you.
Casting: Vampiric Draining
Confirm with . or Enter, or press ? or * to list all spells.
Aiming: Vampiric Draining
Press: ? - help, Shift-Dir - straight line, f/p - Snorg
Aim: Snorg (heavily wounded, berserk, fast, unusually strong) Snorg is heavily wounded.
You feel life coursing into your body. Snorg bites you!!
* * * LOW HITPOINT WARNING * * *
Snorg barely misses you. Snorg claws you!!
* * * LOW HITPOINT WARNING * * *
Your yak zombie misses Snorg.
Snorg bites you.
* * * LOW HITPOINT WARNING * * *
Snorg claws you!
You die...

..##..##...######...........#
..#...#..#.......#.########.#
.##...#......##....# #.#####
.#..#)#......#.###.# #.)....
##..#.#........# #.# ######.
#..##.#......#.###.# #.
#..#..#....).##....# ##.
..##..#......###T#.# ##..
..#..####......Z@..###########...
.##..*#..........#.#.......Z.....
.#..#*###.########.#<#########...
##(. #. #...#.# ##.. #..# #.*
#.#.#.#### ##. #.. , #. *
###........# ## ..#
......#.#.##.#######
#####..........Z...# ######*
#.....##.#####Z#


You could see Snorg (berserk) and a friendly yak zombie.

Vanquished Creatures
  An orc warlord (Orc:1)
  3 hydras
  A queen ant (Lair:4)
  4 orc high priests (Orc:2)
  Urug (D:11)
  A hill giant (D:11)
  Pikel (D:7)
  3 orc knights (Orc:2)
  A wolf spider (Lair:4)
  An orc sorcerer (Orc:2)
  A griffon (Lair:8)
  A black mamba (Lair:4)
  A torpor snail (Lair:5)
  2 rime drakes
  9 spiny frogs
  7 komodo dragons
  The ghost of daning the Slasher, a novice HESk (D:7)
  4 trolls
  A polar bear (Lair:6)
  2 giant leeches (Lair:4)
  Prince Ribbit (D:8)
  A boulder beetle (Lair:7)
  5 blink frogs
  13 spriggans
  19 yaks
  Grum (D:8)
  2 basilisks
  Eustachio (D:5)
  5 hippogriffs
  A hungry ghost (D:7)
  2 nagas (Lair:3)
  5 wargs
  8 water moccasins
  3 sky beasts
  6 porcupines
  8 ice beasts
  2 necrophages (D:8)
  A black bear (D:10)
  30 orc warriors
  7 wolves
  15 ogres
  2 phantoms
  5 centaurs
  16 crocodiles
  An elf zombie (D:8)
  10 giant frogs
  3 scorpions
  10 wights
  9 howler monkeys
  6 crimson imps
  A giant frog zombie (D:8)
  2 jellies
  2 centaur zombies
  6 hounds
  17 orc priests
  22 orc wizards
  A centaur skeleton (D:5)
  Ijyb (D:2)
  6 iguanas
  6 hell rats (Lair:3)
  8 worker ants
  A killer bee zombie (D:8)
  3 sheep (Lair:8)
  A hound skeleton (D:6)
  10 gnolls
  7 adders
  74 river rats
  A shadow imp (D:6)
  An adder zombie (D:8)
  2 worms
  A dart slug (D:1)
  8 giant geckos
  80 orcs
  4 giant cockroaches
  6 hobgoblins
  31 jackals
  6 kobolds
  7 quokkas
  A ball python (D:3)
  2 bats
  A giant gecko skeleton (D:4)
  6 giant newts
  10 goblins
  2 orc skeletons (D:8)
  An orc zombie (D:8)
  16 rats
  A spectral orc (D:9)
  4 fungi
  3 plants (Lair:2)
606 creatures vanquished.

Vanquished Creatures (collateral kills)
  Gastronok (Lair:3)
  A hydra (Lair:8)
  A centaur warrior (D:11)
  An orc high priest (Orc:2)
  An elephant (Lair:8)
  A gargoyle (D:11)
  A spiny frog (Lair:8)
  A komodo dragon (Lair:8)
  A troll (D:11)
  2 blink frogs (Lair:7)
  A vampire (D:11)
  5 yaks
  A hippogriff (Lair:3)
  3 nagas (Lair:3)
  A warg (Orc:2)
  A water moccasin (Lair:8)
  2 orc warriors (Orc:2)
  An ogre (Orc:2)
  A crocodile (Lair:7)
  A wyvern skeleton (D:11)
  A centaur zombie (D:11)
  An orc priest (Orc:2)
  3 orc wizards
  A centaur skeleton (D:11)
  3 sheep (Lair:8)
  12 river rats
  3 orcs
52 creatures vanquished.

Vanquished Creatures (others)
  An ice dragon (D:7)
  A water moccasin (D:7)
  A slave (D:9)
  An orc warrior (Orc:2)
  An iguana (D:12)
  An adder (D:7)
  An orc (D:9)
  3 jackals (D:9)
  6 fungi
  6 plants
22 creatures vanquished.

Grand Total: 680 creatures vanquished

Notes
Turn   | Place    | Note
--------------------------------------------------------------
     0 | D:1      | tyranidshit the Deep Dwarf Necromancer began the quest for the Orb.
     0 | D:1      | Reached XP level 1. HP: 15/15 MP: 3/3
   527 | D:1      | Reached XP level 2. HP: 19/22 MP: 0/4
   759 | D:1      | Reached skill level 5 in Necromancy
  1157 | D:2      | Reached XP level 3. HP: 20/28 MP: 3/6
  1164 | D:2      | Learned a level 3 spell: Vampiric Draining
  1206 | D:2      | Noticed Ijyb
  1255 | D:2      | Killed Ijyb
  1342 | D:2      | Found a sacrificial altar of Ru.
  1371 | D:2      | Reached XP level 4. HP: 32/36 MP: 0/7
  1699 | D:2      | Reached skill level 6 in Necromancy
  1794 | D:2      | Reached XP level 5. HP: 39/42 MP: 1/9
  2077 | D:3      | Found a shattered altar of Ashenzari.
  2536 | D:3      | Reached XP level 6. HP: 45/49 MP: 3/10
  2937 | D:4      | Reached skill level 5 in Evocations
  3045 | D:4      | Reached skill level 7 in Necromancy
  3160 | D:4      | Reached XP level 7. HP: 17/55 MP: 11/11
  3506 | D:5      | Entered Level 5 of the Dungeon
  3695 | D:5      | Noticed Eustachio
  3750 | D:5      | Reached skill level 8 in Necromancy
  3849 | D:5      | Killed Eustachio
  3885 | D:5      | Reached XP level 8. HP: 45/62 MP: 9/14
  4154 | D:5      | Reached skill level 9 in Necromancy
  4490 | D:6      | Found a snail-covered altar of Cheibriados.
  4491 | D:6      | Found an iron altar of Okawaru.
  4492 | D:6      | Found a deep blue altar of Sif Muna.
  4560 | D:6      | Found Fecwev's General Store.
  4571 | D:6      | Bought a scroll of recharging for 114 gold pieces
  4653 | D:6      | Found a burning altar of Makhleb.
  4656 | D:6      | Noticed a green death
  4657 | D:6      | Found a glowing silver altar of Zin.
  4658 | D:6      | Noticed an angel
  4683 | D:6      | Got a steaming ring mail
  4710 | D:6      | Became a worshipper of Makhleb the Destroyer
  5108 | D:6      | Identified the +2 ring mail of Cyith {rPois MR+ MP+9} (You found it on level 6 of the Dungeon)
  5196 | D:7      | Noticed daning's ghost (novice HESk)
  5226 | D:7      | Killed daning's ghost
  5274 | D:7      | Reached skill level 5 in Spellcasting
  5274 | D:7      | Reached skill level 10 in Necromancy
  5294 | D:7      | Noticed Pikel
  5344 | D:7      | Killed Pikel
  5344 | D:7      | Gained mutation: You passively map the area around you. [Deep Dwarf growth]
  5344 | D:7      | Reached XP level 9. HP: 25/68 MP: 0/17
  5411 | D:7      | Reached skill level 11 in Necromancy
  5456 | D:7      | Found a radiant altar of Vehumet.
  5500 | D:7      | Reached * piety under Makhleb
  5851 | D:7      | Found a shimmering altar of Xom.
  5934 | D:7      | Found an oddly glowing altar of Pakellas.
  5935 | D:7      | Noticed an ice dragon
  5944 | D:7      | Killed an ice dragon
  5975 | D:7      | Found a staircase to the Ecumenical Temple.
  6030 | D:8      | Noticed Grum
  6132 | D:8      | Killed Grum
  6132 | D:8      | Reached skill level 12 in Necromancy
  6252 | D:8      | Found a shadowy altar of Dithmenos.
  6438 | D:8      | Found an ancient bone altar of Kikubaaqudgha.
  6442 | D:8      | Reached ** piety under Makhleb
  6443 | D:8      | Noticed Prince Ribbit
  6452 | D:8      | Killed Prince Ribbit
  6452 | D:8      | Reached skill level 1 in Fighting
  6459 | D:8      | Found an ancient bone altar of Kikubaaqudgha.
  6641 | D:8      | Found an opulent altar of Gozag.
  6641 | D:8      | Found a sparkling altar of Nemelex Xobeh.
  6685 | D:8      | Reached XP level 10. HP: 71/80 MP: 20/20
  7573 | D:9      | Found a basalt altar of Yredelemnul.
  7765 | D:9      | Noticed a five-headed hydra
  7778 | D:9      | Killed a five-headed hydra
  7778 | D:9      | Reached *** piety under Makhleb
  7778 | D:9      | Reached skill level 5 in Fighting
  7778 | D:9      | Reached skill level 5 in Dodging
  7859 | D:9      | Found a staircase to the Lair.
  8123 | D:9      | Learned a level 4 spell: Animate Dead
  8304 | D:10     | Entered Level 10 of the Dungeon
  8308 | D:10     | Reached XP level 11. HP: 78/100 MP: 20/21
  8325 | D:10     | Reached **** piety under Makhleb
  8531 | D:10     | Found Edixuen's General Store.
  8672 | D:10     | Got a translucent flail {crush}
  8673 | D:10     | Identified the +8 flail of Gufairgh {crush, *Drain rF- Str+7 Stlth+} (You took it off an orc wizard on level 10 of the Dungeon)
  9083 | D:10     | Found a staircase to the Orcish Mines.
  9096 | D:10     | Reached ***** piety under Makhleb
  9372 | Lair:1   | Entered Level 1 of the Lair of Beasts
  9705 | Lair:1   | Reached skill level 13 in Necromancy
 10014 | Lair:2   | Found a frozen archway.
 10132 | IceCv    | Entered an ice cave
 10526 | Lair:2   | Reached skill level 1 in Maces & Flails
 10883 | Lair:3   | Noticed Gastronok
 10912 | Lair:3   | Killed Gastronok
 10936 | Lair:3   | Reached XP level 12. HP: 48/110 MP: 0/22
 10946 | Lair:3   | Found a staircase to the Snake Pit.
 11692 | Lair:4   | Reached ****** piety under Makhleb
 11759 | Lair:4   | HP: 1/112 [giant leech (15)]
 11855 | Lair:4   | HP: 5/112 [poisoned by a wolf spider]
 11862 | Lair:4   | Noticed a queen ant
 11862 | Lair:4   | a giant leech changed into a queen ant
 11910 | Lair:4   | Killed a queen ant
 11959 | Lair:4   | Found a staircase to the Swamp.
 12480 | Lair:5   | Found a runed door.
 12484 | Lair:5   | Noticed a four-headed hydra
 12501 | Lair:5   | Killed a four-headed hydra
 12514 | Lair:5   | Got a clouded silver ring
 12523 | Lair:5   | Identified the ring of the Messenger {rPois Str+2 Int+4 Stlth+} (You found it on level 5 of the Lair of Beasts)
 12695 | Lair:5   | Reached skill level 14 in Necromancy
 13188 | Lair:6   | Got a crystal falchion
 13826 | Lair:7   | Got a fine flail
 13827 | Lair:7   | Identified the +10 flail "Pesojur" {flame, rC++ Str+3} (You found it on level 7 of the Lair of Beasts)
 13993 | Lair:7   | Got a heavily runed ring mail
 14016 | Lair:7   | Identified the +5 ring mail of the Lizard {+Blink MR+ MP+9} (You found it on level 7 of the Lair of Beasts)
 14330 | Lair:8   | Entered Level 8 of the Lair of Beasts
 14377 | Lair:8   | Reached XP level 13. HP: 61/121 MP: 7/24
 14636 | Lair:8   | Identified a scroll of acquirement
 14639 | Lair:8   | Identified the Catalogue of Hurtful Envenoming (You acquired it on level 8 of the Lair of Beasts)
 15499 | Orc:1    | Entered Level 1 of the Orcish Mines
 15619 | Orc:2    | Entered Level 2 of the Orcish Mines
 15726 | Orc:2    | Found Qobriq's General Store.
 15813 | Orc:2    | Noticed an orc warlord
 15838 | Orc:1    | Noticed ghost's ghost (journeyman MiFi)
 15929 | Orc:1    | HP: 5/121 [orc warlord/war axe of electrocution (14)]
 15934 | Orc:1    | Killed an orc warlord
 15934 | Orc:1    | Reached skill level 15 in Necromancy
 16235 | Orc:2    | Found Royblafa's Antique Weapon Boutique.
 16270 | Orc:2    | Found Paulif's Antique Armour Emporium.
 16349 | Orc:2    | Found a staircase to the Elven Halls.
 16365 | Orc:2    | Bought a pair of boots for 148 gold pieces
 16365 | Orc:2    | Bought a shiny scale mail for 132 gold pieces
 16455 | Orc:2    | Found Esiffo's Jewellery Boutique.
 16575 | Orc:2    | Found a bloodstained altar of Trog.
 16886 | Orc:2    | Identified the cursed +0 falchion of Haintiew {slice, +Rage rN+ Stlth+} (You found it on level 6 of the Lair of Beasts)
 17323 | D:11     | Reached skill level 16 in Necromancy
 17448 | D:11     | Noticed Urug
 17479 | D:11     | Killed Urug
 17987 | D:12     | Noticed Harold
 17987 | D:12     | Noticed Snorg
 18014 | D:11     | HP: 6/121 [Snorg (17)]
 18014 | D:11     | HP: 1/121 [Snorg (5)]
 18014 | D:11     | Mangled by Snorg

Skill      XL: |  1  2  3  4  5  6  7  8  9 10 11 12 13 |
---------------+----------------------------------------+-----
Spellcasting   | 2 3 4 5 6 7 8 9 |  9.7
Necromancy     | 5 6 7 8 10 12 13 14 16 | 16.3
Evocations     | 2 5 8 9 |  9.0
Fighting       | 1 7 8 9 |  9.4
Dodging        | 6 7 8 |  8.2
Maces & Flails | 6 |  6.6
Stealth        | |  2.4

Action                   |  1- 3 |  4- 6 |  7- 9 | 10-12 | 13-15 || total
-------------------------+-------+-------+-------+-------+-------++-------
Melee: Whip              |    23 |    18 |       |       |       ||    41
       Rapier            |       |    16 |       |       |       ||    16
       Trident           |       |    29 |   315 |   322 |       ||   666
       Flail             |       |       |       |   658 |   391 ||  1049
Throw: Throwing net      |       |     2 |       |       |       ||     2
 Cast: Pain              |    54 |    60 |    31 |    17 |     2 ||   164
       Vampiric Draining |     4 |    26 |    81 |   318 |   162 ||   591
       Animate Dead      |       |       |       |     6 |    25 ||    31
 Abil: Evoke Berserk Rag |       |     1 |     1 |       |     2 ||     4
       Device Recharging |       |       |       |     1 |     1 ||     2
Evoke: Wand              |       |       |    16 |    21 |    16 ||    53
  Use: Scroll            |     1 |     9 |    11 |    17 |    13 ||    51
       Potion            |       |     3 |     4 |     6 |       ||    13
 Stab: Sleeping          |       |       |     1 |    15 |       ||    16
       Distracted        |       |       |       |     1 |     2 ||     3
  Eat: Bread ration      |     1 |     1 |     3 |     3 |     1 ||     9
       Meat ration       |       |     1 |       |     1 |     1 ||     3
       Chunk             |       |       |     2 |     6 |     1 ||     9
       Pizza             |       |       |     1 |     1 |       ||     2
       Fruit             |       |       |     8 |     5 |     5 ||    18
Armor: Robe              |     9 |    20 |    26 |       |       ||    55
       Ring mail         |       |       |   232 |   527 |   270 ||  1029
       Leather armour    |       |       |    36 |       |       ||    36
Dodge: Dodged            |    25 |    74 |   357 |  1017 |   613 ||  2086
